 Dungeon Crawl Stone Soup version 0.31.0-11-ge490571c62 (webtiles) character file.

Game seed: 11283842105050764882

7886 Arex the Mimic (level 11, -4/85 (87) HPs)
             Began as a Merfolk Shapeshifter on Feb 4, 2024.
             Was an Elder of Ru.
             Slain by a cane toad (18 damage)
             ... on level 8 of the Dungeon.
             The game lasted 00:27:51 (11932 turns).

Arex the Mimic (Merfolk Shapeshifter)              Turns: 11932, Time: 00:27:51

HP:   -4/85 (87)    AC: 13    Str: 22    XL:     11   Next: 22%
MP:   11/11         EV: 12    Int:  8    God:    Ru [****..]
Gold: 373           SH:  0    Dex: 14    Spells: 10/10 levels left

rFire   . .          .
                       - Unarmed
rCold   . . .        (no shield)
rNeg    . . .        r - +1 chain mail
rPois   .            (helmet currently unavailable)
rElec   .            (cloak currently unavailable)
rCorr   .            (gloves currently unavailable)
SInv    .            (boots currently unavailable)
Will    .....        (no amulet) Stlth
                     h - +4 ring of protection
HPRegen 0.34/turn    H - ring of willpower
MPRegen 0.12/turn

%: no passive effects
@: lethally poisoned (-4 -> -8), exhausted, beast-form, studying Unarmed Combat,
lightly drained
A: beast (slay +4), inability to drink after injury 2, no ice magic, no alchemy
magic, no translocations magic, weak-willed 1, (nimble swimmer 2), mertail,
strong 1
a: Begin Untransformation, Renounce Religion, Draw Out Power, Power Leap


You were on level 8 of the Dungeon.
You worshipped Ru.
Ru was greatly pleased with you.
You were a hulking beast.
You visited 2 branches of the dungeon, and saw 10 of its levels.
You also visited: Sewer.

You collected 527 gold pieces.
You spent 154 gold pieces at shops.

Inventory:

Missiles
 o - 4 atropa-tipped darts (quivered)
 w - 2 throwing nets
Armour
 a - a +0 animal skin
 p - a scarf of invisibility
 q - a +0 pair of boots of rampaging
 r - a +1 chain mail (worn)
 G - a +0 pair of gloves
Jewellery
 h - a +4 ring of protection (left hand)
 H - a ring of willpower (right hand)
Talismans
 c - a beast talisman
 d - a flux talisman
Wands
 y - a wand of mindburst (20)
Scrolls
 b - 2 scrolls of revelation
 e - a scroll of immolation {unknown}
 f - 3 scrolls of fear
 g - 5 scrolls of teleportation
 k - 4 scrolls of enchant weapon
 l - 3 scrolls of enchant armour
 s - 2 scrolls of identify
 t - 3 scrolls of vulnerability
 F - a scroll of poison
 I - a scroll of blinking
Potions
 i - a potion of magic
 j - a potion of heal wounds
 m - 2 potions of might {unknown}
 n - 2 potions of mutation
 u - 2 potions of invisibility {unknown}
 x - 2 potions of curing {unknown}
 z - 2 potions of degeneration
 A - a potion of resistance
 B - a potion of lignification
 C - 3 potions of cancellation
 D - a potion of enlightenment
 E - a potion of ambrosia
 J - 2 potions of berserk rage
Miscellaneous
 v - a sack of spiders


   Skills:
 + Level 8.5 Fighting
 + Level 10.4 Dodging
 + Level 10.5 Unarmed Combat
 * Level 13.1 Shapeshifting


You had 10 spell levels left.
You didn't know any spells.
Your spell library contained the following spells:

 Spells                   Type           Power      Damage    Failure   Level
 Shock                    Conj/Air       0%         1d3       97%         1
 Jinxbite                 Hex            0%         N/A       99%         2
 Passwall                 Erth           0%         N/A       100%        3
 Swiftness                Air            0%         N/A       100%        3
 Airstrike                Air            0%         2d(0-16)  100%        4
 Enfeeble                 Hex            0%         N/A       100%        7
 Cigotuvi's Dreadful Rot  Necr/Alch/Air  Unusable   N/A       N/A         2
 Ensorcelled Hibernation  Hex/Ice        Unusable   N/A       N/A         2
 Lesser Beckoning         Tloc           Unusable   N/A       N/A         2
 Gell's Gravitas          Tloc           Unusable   N/A       N/A         3
 Teleport Other           Tloc           Unusable   N/A       N/A         3
 Ignite Poison            Fire/Alch      Unusable   N/A       N/A         4
 Freezing Cloud           Conj/Ice/Air   Unusable   6-21      N/A         5
 Yara's Violent Unravell  Hex/Alch       Unusable   3d3       N/A         5

Dungeon Overview and Level Annotations

Branches:
Dungeon (9/15) Zot: 25507  Temple (0/1) D:6            Lair (1/5) D:8 Zot: 5994
  Sewer (visited)
    Orc: D:9-12

Altars:
Ashenzari
Cheibriados
Dithmenos
Fedhas
Kikubaaqudgha
Okawaru
Ru
Trog
Uskayaw
Wu Jian
Xom
Yredelemnul

Shops:
D:3 (   D:5 *(

Annotations:
D:4 1 runed translucent door, Crazy Yiuf
D:8 2 transporters, Rem's ghost, novice OpSh


Innate Abilities, Weirdness & Mutations

You are a hulking beast.
Your limbs bulge with bestial killing power. (Slay +4)
You sometimes lose the ability to drink potions when taking damage.
You cannot study or cast Ice magic.
You cannot study or cast Alchemy magic.
You cannot study or cast Translocations magic.
You are slightly weak-willed. (Will-)
((You are very nimble when in or above water. (Stealth+, EV+, Speed+++)))
Your lower body shifts to a powerful aquatic tail in water.
Your muscles are strong. (Str +4, Int/Dex -1)


Message History

* * * LOW HITPOINT WARNING * * *
The cane toad stings you but does no damage.
It was a potion of magic.
Magic courses through your body.
You feel sick.
The cane toad stops glowing.
The cane toad misses you. The cane toad barely misses you.
Okay, then.
You are restored by drawing out deep reserves of power within.
You feel drained.
You feel sick. The cane toad completely misses you. The cane toad misses you.
You punch the cane toad!
The cane toad is severely wounded.
You feel sick. The cane toad completely misses you.
The cane toad barely misses you.
You punch the cane toad!
The cane toad is almost dead.
You feel sick.
The cane toad stings you but does no damage.
The cane toad stings you!
* * * LOW HITPOINT WARNING * * *
You focus your inner power and blind the cane toad in retribution!
You punch the cane toad!
You kill the cane toad!
The cane toad closely misses you.
You feel sick.
You are no longer poisoned.
The cane toad attacks as it pursues you!
The cane toad stings you.
* * * LOW HITPOINT WARNING * * *
You are poisoned.
The cane toad poisons you!
You hit the cane toad but do no damage.
You feel very sick.
The cane toad stings you but does no damage.
You hit the cane toad but do no damage.
You feel sick. The cane toad misses you.
You closely miss the cane toad.
You feel sick. The cane toad misses you.
You hit the cane toad.
The cane toad is lightly wounded.
You feel sick. The cane toad stings you!!
You die...

#.#######.......#.#####.#.####
#.# ##...........## #.#.#### #.#
##.............# #.#.#...
#.###.....#.##.....####.#....# ##
#.##.................##....#.. .#
#.##....###...#.#....##.#....# .#
#.#.....####.###......#.###... .#
#.#......#....#.........#..... .#
###...#..#...h....~.....#....# .#
#..........F.....[.....#[..## ##
#....#..#.....#..~.....#...#c
.####......#.#...#.#.#.....#...#c
.....)........#.###.........#..#W
..........)#.#...#.#........#..#z
.######................####.#..#h
.# ##.......#.......# #.#..#. ##
##.........)..### #.#..#.


You could see a cane toad.

Vanquished Creatures
  A cyclops (D:8)
  A cane toad (D:8)
  A rime drake (D:8)
  The ghost of middlethird the Conjurer, a novice VSCj of Cheibriados (D:6)
  Grinder (Sewer)
  A hornet (D:7)
  Sigmund (D:4)
  A wyvern (D:8)
  2 steam dragons (D:8)
  3 water moccasins
  A black bear (D:8)
  Duvessa (D:4)
  3 orc warriors
  3 ice beasts
  An ogre (D:5)
  2 wolves (D:8)
  4 centaurs (D:8)
  4 phantoms
  4 kobold brigands
  9 bullfrogs
  2 necrophages (Sewer)
  3 gnoll sergeants
  2 scorpions
  6 wights (D:8)
  13 killer bees
  Dowan (D:4)
  A howler monkey (D:9)
  A bombardier beetle (D:4)
  3 crimson imps (D:7)
  4 jellies
  3 hounds (D:5)
  2 orc priests
  4 sleepcaps
  A gnoll bouda (D:6)
  5 iguanas
  3 orc wizards
  27 gnolls
  7 adders
  A shadow imp (Sewer)
  3 ufetubi
  An adder zombie (Sewer)
  3 ribbon worms
  33 orcs
  4 bats
  A bat zombie (Sewer)
  11 endoplasms
  5 giant cockroaches
  11 goblins
  17 hobgoblins
  6 jackals
  40 kobolds
  6 quokkas
  9 ball pythons
  2 frilled lizards
  A kobold zombie (Sewer)
  12 rats
299 creatures vanquished.

Vanquished Creatures (others)
  A polar bear (D:8)
  A wyvern (D:9)
  A phantom (D:5)
  A wight (D:8)
4 creatures vanquished.

Grand Total: 303 creatures vanquished

Notes
Turn   | Place    | Note
-------+----------+-------------------------------------------
     0 | D:1      | Arex the Merfolk Shapeshifter began the quest for the Orb.
     0 | D:1      | Reached XP level 1. HP: 15/15 MP: 1/1
   214 | D:1      | Reached XP level 2. HP: 20/21 MP: 2/2
   412 | D:1      | Reached XP level 3. HP: 27/27 MP: 3/3
  1292 | D:2      | Found an iron altar of Okawaru.
  1941 | D:3      | Reached XP level 4. HP: 26/33 MP: 4/4
  2051 | D:3      | Reached XP level 5. HP: 14/39 MP: 5/5
  2177 | D:3      | Found a bloodstained altar of Trog.
  2178 | D:3      | Found a basalt altar of Yredelemnul.
  2178 | D:3      | Found an iron altar of Okawaru.
  2179 | D:3      | Found a snail-covered altar of Cheibriados.
  2179 | D:3      | Found an ornate altar of the Wu Jian Council.
  2183 | D:3      | Found a blossoming altar of Fedhas.
  2183 | D:3      | Found an ancient bone altar of Kikubaaqudgha.
  2184 | D:3      | Found a sacrificial altar of Ru.
  2192 | D:3      | Became a worshipper of Ru the Awakened
  2290 | D:3      | Reached skill level 5 in Shapeshifting
  2302 | D:3      | Found a glowing drain.
  2307 | Sewer    | Entered a sewer
  2500 | Sewer    | Found an ancient bone altar of Kikubaaqudgha.
  2611 | Sewer    | Noticed Grinder
  2634 | Sewer    | Killed Grinder
  2635 | Sewer    | Reached skill level 5 in Dodging
  2635 | Sewer    | Reached skill level 6 in Shapeshifting
  2635 | Sewer    | Reached XP level 6. HP: 25/47 MP: 6/6
  2779 | Sewer    | Reached skill level 5 in Unarmed Combat
  2779 | Sewer    | Reached XP level 7. HP: 10/53 MP: 7/7
  3357 | D:3      | Found Leokhoff's Antique Weapon Emporium.
  3716 | D:3      | Identified the +1 robe of the Distant Future {Will- Slay+2
                  | Archmagi}
  4073 | D:4      | Noticed Duvessa
  4074 | D:4      | Noticed Dowan
  4093 | D:3      | Gained mutation: You are slightly weak-willed. (Will-) [Ru
                  | sacrifice]
  4093 | D:3      | Reached * piety under Ru
  4149 | D:4      | Gained mutation: Your muscles are strong. (Str +4, Int/Dex
                  | -1) [potion of mutation]
  4154 | D:4      | Killed Duvessa
  4155 | D:4      | Reached skill level 7 in Shapeshifting
  4189 | D:4      | Killed Dowan
  4190 | D:4      | Reached XP level 8. HP: 21/61 MP: 8/8
  4401 | D:4      | Found a runed translucent door.
  4402 | D:4      | Noticed Crazy Yiuf
  4622 | D:4      | Noticed Sigmund
  4637 | D:4      | Killed Sigmund
  4645 | D:4      | Reached skill level 8 in Shapeshifting
  4778 | D:4      | Reached skill level 5 in Fighting
  5822 | D:5      | Entered Level 5 of the Dungeon
  5881 | D:5      | Found a shadowy altar of Dithmenos.
  5932 | D:5      | Reached skill level 9 in Shapeshifting
  5932 | D:5      | Reached XP level 9. HP: 45/68 MP: 9/9
  6510 | D:5      | Found Nufrik's Antique Weapon Boutique.
  6510 | D:5      | Found Ysic's General Store.
  6525 | D:5      | Bought a scroll of teleportation for 42 gold pieces
  6525 | D:5      | Bought a potion of cancellation for 112 gold pieces
  6595 | D:5      | Gained mutation: You cannot study or cast Ice magic. [Ru
                  | sacrifice]
  6595 | D:5      | Gained mutation: You cannot study or cast Alchemy magic.
                  | [Ru sacrifice]
  6595 | D:5      | Gained mutation: You cannot study or cast Translocations
                  | magic. [Ru sacrifice]
  6595 | D:5      | Reached ** piety under Ru
  7273 | D:6      | Reached skill level 10 in Shapeshifting
  7596 | D:6      | Found a staircase to the Ecumenical Temple.
  7673 | D:6      | Found a runed translucent door.
  7673 | D:6      | Noticed middlethird's ghost (novice VSCj)
  7701 | D:6      | Killed middlethird's ghost
  7917 | D:7      | Noticed a hornet
  7926 | D:7      | Killed a hornet
  8129 | D:7      | Found a shimmering altar of Xom.
  8163 | D:7      | Identified a scroll of acquirement
  8164 | D:7      | Acquired a manual of Unarmed Combat
  8241 | D:8      | Reached XP level 10. HP: 77/77 MP: 10/10
  8281 | D:8      | Reached skill level 11 in Shapeshifting
  8325 | D:8      | Found a hide-covered altar of Uskayaw.
  9296 | D:8      | Found a staircase to the Lair.
  9411 | D:8      | Reached skill level 12 in Shapeshifting
  9649 | D:8      | Noticed Rem's ghost (novice OpSh)
  9708 | D:8      | Found a transporter.
  9716 | D:8      | Found a transporter.
  9788 | D:8      | Noticed a cyclops
  9799 | D:8      | Killed a cyclops
 10083 | D:8      | Reached skill level 10 in Dodging
 10484 | D:9      | Reached XP level 11. HP: 70/86 MP: 11/11
 10487 | D:9      | Reached skill level 10 in Unarmed Combat
 11046 | D:9      | Reached skill level 13 in Shapeshifting
 11302 | D:9      | Found a broken altar of Ashenzari.
 11830 | D:9      | Gained mutation: You occasionally lose the ability to drink
                  | potions when taking damage. [Ru sacrifice]
 11830 | D:9      | Gained mutation: You sometimes lose the ability to drink
                  | potions when taking damage. [Ru sacrifice]
 11830 | D:9      | Reached *** piety under Ru
 11830 | D:9      | Reached **** piety under Ru
 11910 | Lair:1   | Entered Level 1 of the Lair of Beasts
 11932 | D:8      | Slain by a cane toad

Illustrated notes

Levels and vault maps discovered:
D:1:      orjb1_lava_funnel, layout_basic, minmay_nonomino_d4
D:2:      layout_basic, basic_altar, kennysheep_generic_room_14
D:3:      layout_loops_cross, grunt_temple_overflow_open,
          gup_sewer_entry_spiral, serial_shops, shop
D:4:      corexii_shantytown, layout_basic, serial_park_tiny_pond,
          minmay_stone_trees_small, uniq_sigmund, uniq_duvessa,
          uniq_crazy_yiuf_cottage
D:5:      layout_cave_pods, mainiacjoe_overflow_surrounded_room,
          hangedman_decor_lopped, nicolae_wooded_promenade
D:6:      layout_basic, minmay_temple_entry_overgrown, gammafunk_ghost_grave,
          nicolae_letterblocks [nicolae_letter_subblock,
          nicolae_letter_subblock, nicolae_letter_subblock,
          nicolae_letter_subblock, nicolae_letter_subblock,
          nicolae_letter_subblock, nicolae_letter_subblock,
          nicolae_letter_subblock, nicolae_letter_subblock,
          nicolae_letter_subblock, nicolae_letter_subblock,
          nicolae_letter_subblock, nicolae_letter_subblock,
          nicolae_letter_subblock, nicolae_letter_subblock,
          nicolae_letter_subblock, nicolae_letter_subblock,
          nicolae_letter_subblock, nicolae_letter_subblock,
          nicolae_letter_subblock, nicolae_letter_subblock,
          nicolae_letter_subblock, nicolae_letter_subblock,
          nicolae_letter_subblock, nicolae_letter_subblock]
D:7:      layout_cave_pools, led_xom_imps
D:8:      layout_loops_ring, eat_drink_and_be_merry_uskayaw,
          hellmonk_lair_entry_icy, gammafunk_ghost_arena,
          hangedman_decor_growths, nzn_random_ring
D:9:      layout_loops_ring, mainiacjoe_overflow_small_starburst,
          minmay_quadrilaterals
Lair:1:   layout_chaotic_city, serial_bayou_crossing, grunt_megastairs_4

Skill      XL: |  1  2  3  4  5  6  7  8  9 10 11 |
---------------+----------------------------------+-----
Dodging        | 3 4 5 7 8 10 | 10.4
Fighting       | 2 3 4 5 6 8 |  8.5
Unarmed Combat | 4 5 6 7 9 10 | 10.5
Shapeshifting  | 6 7 9 10 12 13 | 13.1

Action                     |  1- 3 |  4- 6 |  7- 9 | 10-12 || total
---------------------------+-------+-------+-------+-------++-------
  Melee: Unarmed           |   122 |   126 |   471 |   277 ||   996
         Punch             |     5 |     6 |    19 |    14 ||    44
         Tailslap          |       |     1 |       |     2 ||     3
 Invoke: Sacrifice Essence |       |       |     1 |       ||     1
         Sacrifice Arcana  |       |       |     1 |       ||     1
         Draw Out Power    |       |       |       |     1 ||     1
         Sacrifice Drink   |       |       |       |     1 ||     1
  Evoke: Wand              |       |       |     7 |     3 ||    10
    Use: Scroll            |     1 |       |    10 |     4 ||    15
         Potion            |       |     1 |     4 |     3 ||     8
   Stab: Sleeping          |     4 |     3 |     2 |       ||     9
         Distracted        |     1 |       |     1 |       ||     2
         Paralysed         |       |       |     5 |       ||     5
 Armour: Animal skin       |    41 |    67 |    39 |       ||   147
         Skin              |       |    25 |       |       ||    25
         Chain mail        |       |       |   247 |   204 ||   451
  Dodge: Dodged            |    53 |    61 |   222 |   195 ||   531
